 Dungeon Sprint DCSS version 0.30-a0-743-gbfdf073431 (webtiles) character file.

Game seed: 10536057032177451822

64194 BigDaddyOpFi the End of an Era (level 15, -4/122 HPs)
             Began as an Octopode Fighter on Feb 6, 2023.
             Was the Champion of Qazlal.
             Slain by a hell knight simulacrum (6 damage)
             ... animated by a necromancer
             ... in the Dungeon (Sprint VII: "The Pits").
             The game lasted 00:09:15 (5546 turns).

BigDaddyOpFi the End of an Era (Octopode Fighter)   Turns: 5546, Time: 00:09:16

Health: -4/122     AC:  5    Str: 22    XL:     15   Next: 12%
Magic:  12/32      EV: 25    Int: 11    God:    Qazlal [******]
Gold:   34         SH: 20    Dex: 15    Spells: 14/14 levels left

rFire   x . .      SeeInvis +    v - +5 broad axe
rCold   + + +      Faith    .    b - +3 buckler
rNeg    . . .      Spirit   .    (helmet restricted)
rPois   .          Reflect  .    (no amulet)
rElec   .          Harm     .    l - +3 ring of evasion
rCorr   .          Rampage  .    k - +3 ring of dexterity
Will    +....      NoTele   +    o - ring of protection from cold
Stlth   +                        p - ring of see invisible
HPRegen 0.40/turn                q - ring of ice
MPRegen 0.23/turn                z - +4 ring of protection
                                 (no ring)
                                 (no ring)

@: protected from cold, repel missiles
A: almost no armour, amphibious, 8 rings, camouflage 1, gelatinous body 1,
(nimble swimmer 1), tentacles
a: Renounce Religion, Upheaval, Elemental Force, Disaster Area


You were in the Dungeon.
You worshipped Qazlal.
Qazlal was exalted by your worship.
You visited 1 branch You collected 34 gold pieces.

Inventory:

Hand Weapons
 a - a +3 broad axe of freezing
 r - a +6 war axe of freezing
 v - a +5 broad axe (weapon)
 x - the +7 hand axe of Fuasueto {antimagic, rF+ Str-2 Int+6 Dex+3}
   (You found it in the Dungeon)

   Str:       It affects your strength (-2).
   Int:       It affects your intelligence (+6).
   Dex:       It affects your dexterity (+3).
   rF:        It protects you from fire.
Armour
 b - a +3 buckler (worn)
Jewellery
 k - a +3 ring of dexterity (right tentacle)
 l - a +3 ring of evasion (left tentacle)
 o - a ring of protection from cold (on tentacle)
 p - a ring of see invisible (on tentacle)
 q - a ring of ice (on tentacle)
 z - a +4 ring of protection (on tentacle)
Scrolls
 e - a scroll of identify
 i - 2 scrolls of blinking
 s - a scroll of amnesia
 t - 5 scrolls of enchant armour
 w - a scroll of fog
Potions
 c - 3 potions of heal wounds
 d - 6 potions of curing
 f - 3 potions of haste
 g - 4 potions of magic
 h - 6 potions of berserk rage
 j - 2 potions of invisibility
 m - 2 potions of resistance
 n - 4 potions of mutation
 u - a potion of brilliance
Miscellaneous
 y - a phial of floods


   Skills:
 + Level 18.0 Fighting
 + Level 17.9 Axes
 + Level 17.9 Dodging
 + Level 18.0 Shields
 * Level 26.2 Invocations


You had 14 spell levels left.
You didn't know any spells.
Your spell library was empty.

Dungeon Overview and Level Annotations

Branches:
Dungeon (1/1)

Altars:
Ashenzari
Cheibriados
Dithmenos
Elyvilon
Fedhas
Gozag
Hepliaklqana
Kikubaaqudgha
Makhleb
Nemelex Xobeh
Okawaru
Qazlal
Ru
Sif Muna
Trog
Uskayaw
Vehumet
Wu Jian
Xom
Yredelemnul
Zin
The Shining One
Jiyva
Lugonu


Innate Abilities, Weirdness & Mutations

You cannot wear most types of armour.
You are amphibious.
You can wear up to eight rings at the same time.
Your skin changes colour to match your surroundings (Stealth+).
Your rubbery body absorbs attacks. (AC +1, EV +1)
((You are camouflaged when in or above water. (Stealth+)))
You have tentacles for arms and can constrict up to eight enemies at once.


Message History

Your resistance to physical damage fades away.
You feel protected from electricity.
* * * LOW HITPOINT WARNING * * *
You block the green draconian's attack. x2
You hit the green draconian. You squeeze the green draconian.
The green draconian is almost dead.
You hit the hell knight simulacrum.
You constrict the green draconian, but do no damage.
You block the hell knight simulacrum's attack.
The black draconian is engulfed in poison gas.
The black draconian looks as sick as possible!
The black draconian completely misses you.
You block the green draconian's attack. The green draconian tail-slaps you.
* * * LOW HITPOINT WARNING * * *
You are lethally poisoned!
The green draconian poisons you!
You feel much better.
You constrict the green draconian.
* * * LOW HITPOINT WARNING * * *
You feel extremely sick.
The deep troll shaman is engulfed in blazing flames.
You kill the deep troll shaman!
Qazlal accepts your kill.
A freezing mist starts to gather...
The hell knight simulacrum is struck by lightning.
The hell knight simulacrum vaporises!
The black draconian is engulfed in poison gas.
The black draconian looks as sick as possible!
You block the black draconian's attack.
The green draconian hits you with a +0 dire flail!!
* * * LOW HITPOINT WARNING * * *
You block the green draconian's attack.
Your Shields skill increases to level 18!
A deep troll shaman simulacrum comes into view.
You feel better.
You constrict the green draconian. The hell knight simulacrum hits you!
* * * LOW HITPOINT WARNING * * *
The hell knight simulacrum freezes you. You resist.
Your resistance to electricity fades away.
You feel protected from cold.
You die...

+.#[[#[[[[#..#
###########''#
# ##([# #
##..≈# #
##.≈)## #
###++###○[○##
.....[d..○## #
...[#☼.○# #
≈.. ##@.+ #
#≈.≈#d§Z# #
#.≈≈)○)○[# #
≈....)°Z○)#
#++##...#..# #
##.###..# # #.
..# # ## .## #
#


You could see a black draconian (soul bound, extremely poisoned, catching
breath), a green draconian (soul bound), a hell knight simulacrum and a deep
troll shaman simulacrum.

Vanquished Creatures
  Margery (D)
  A death cob (D)
  3 sphinxes (D)
  2 draconian monks (D)
  A nagaraja (D)
  A frost giant (D)
  2 deep elf sorcerers (D)
  A draconian scorcher (D)
  A war gargoyle (D)
  2 orc warlords (D)
  A vampire knight (D)
  A deep elf demonologist (D)
  A minotaur (D)
  A deep elf high priest (D)
  2 vault guards (D)
  An ice dragon (D)
  A centaur warrior (D)
  2 hydras (D)
  An alligator snapping turtle (D)
  2 merfolk aquamancers (D)
  A two-headed ogre (D)
  2 ogre magi (D)
  A naga warrior (D)
  A deep troll earth mage (D)
  A merfolk avatar (D)
  8 death yaks (D)
  A deep troll shaman (D)
  2 dancing weapons (D)
  6 hell knights (D)
  A vampire mage (D)
  A sun demon (D)
  Nergalle (D)
  5 deep elf knights (D)
  A large abomination (D)
  A fire crab (D)
  2 shadow wraiths (D)
  A sixfirhy (D)
  A spriggan druid (D)
  A swamp dragon (D)
  A wizard (D)
  2 deep trolls (D)
  A flayed ghost (D)
  5 harpies (D)
  A necromancer (D)
  A deep elf pyromancer (D)
  A deep elf zephyrmancer (D)
  11 orc knights (D)
  2 cyclopes (D)
  A manticore (D)
  2 rust devils (D)
  An elephant (D)
  A cane toad (D)
  A demonic crawler (D)
  A gargoyle (D)
  2 unseen horrors (D)
  An orange demon (D)
  2 wandering mushrooms (D)
  A polar bear (D)
  A troll (D)
  3 hornets (D)
  Grinder (D)
  A tyrant leech (D)
  A tarantella (D)
  5 water elementals (D)
  2 flying skulls (D)
  3 spriggans (D)
  A shadow (D)
  2 fire bats (D)
  A steam dragon (D)
  2 vampire mosquitoes (D)
  2 wargs (D)
  A floating eye (D)
  A sky beast (D)
  2 black bears (D)
  4 wolves (D)
  Blork the orc (D)
  A gnoll sergeant (D)
  3 killer bees (D)
  A quasit (D)
  A gnoll bouda (D)
  An iguana (D)
  An iron imp (D)
  An orc wizard (D)
  A hell rat (D)
  2 mummies (D)
  8 gnolls (D)
  An adder (D)
  3 river rats (D)
  A white imp (D)
  An ufetubus (D)
  An adder skeleton (D)
  4 orcs (D)
  A bat zombie (D)
  2 endoplasms (D)
  A giant cockroach (D)
  A goblin (D)
  A hobgoblin (D)
  2 ball python skeletons (D)
  A ball python zombie (D)
  4 frilled lizards (D)
  A jackal zombie (D)
  A quokka simulacrum (D)
  A rat (D)
185 creatures vanquished.

Vanquished Creatures (collateral kills)
  A necromancer (D)
  A redback (D)
2 creatures vanquished.

Grand Total: 187 creatures vanquished

Notes
Turn   | Place    | Note
-------+----------+-------------------------------------------
     0 | D        | BigDaddyOpFi the Octopode Fighter began the quest for the
                  | Orb.
     0 | D        | Reached XP level 1. HP: 16/16 MP: 1/1
    15 | D        | Found a bloodstained altar of Trog.
    15 | D        | Found a shimmering blue altar of Sif Muna.
    15 | D        | Found a viscous altar of Jiyva.
    15 | D        | Found a hazy altar of Hepliaklqana.
    15 | D        | Found an opulent altar of Gozag.
    16 | D        | Found a glowing golden altar of the Shining One.
    16 | D        | Found a glowing silver altar of Zin.
    16 | D        | Found a basalt altar of Yredelemnul.
    16 | D        | Found a shimmering altar of Xom.
    16 | D        | Found an ornate altar of the Wu Jian Council.
    16 | D        | Found a sacrificial altar of Ru.
    16 | D        | Found a stormy altar of Qazlal.
    16 | D        | Found an iron altar of Okawaru.
    16 | D        | Found a sparkling altar of Nemelex Xobeh.
    16 | D        | Found a burning altar of Makhleb.
    16 | D        | Found a blossoming altar of Fedhas.
    16 | D        | Found a white marble altar of Elyvilon.
    16 | D        | Found a shadowy altar of Dithmenos.
    16 | D        | Found a snail-covered altar of Cheibriados.
    17 | D        | Found a radiant altar of Vehumet.
    17 | D        | Found a corrupted altar of Lugonu.
    18 | D        | Found an ancient bone altar of Kikubaaqudgha.
    18 | D        | Found a hide-covered altar of Uskayaw.
    18 | D        | Found a broken altar of Ashenzari.
    21 | D        | Became a worshipper of Qazlal Stormbringer
    44 | D        | Noticed a floating eye
    48 | D        | Killed a floating eye
    49 | D        | Reached skill level 5 in Invocations
    49 | D        | Reached XP level 2. HP: 23/23 MP: 1/5
    49 | D        | Reached XP level 3. HP: 27/27 MP: 1/7
    49 | D        | Reached XP level 4. HP: 34/34 MP: 1/8
   276 | D        | Reached * piety under Qazlal
   292 | D        | Noticed Blork the orc
   296 | D        | Reached ** piety under Qazlal
   303 | D        | Killed Blork the orc
   304 | D        | Reached skill level 5 in Fighting
   304 | D        | Reached skill level 5 in Dodging
   304 | D        | Reached skill level 5 in Shields
   304 | D        | Reached skill level 6 in Invocations
   304 | D        | Reached XP level 5. HP: 35/39 MP: 8/10
   384 | D        | Noticed a fire bat
   392 | D        | Reached *** piety under Qazlal
   393 | D        | Reached skill level 5 in Axes
   393 | D        | Reached skill level 7 in Invocations
   393 | D        | Killed a fire bat
   394 | D        | Reached skill level 8 in Invocations
   394 | D        | Reached XP level 6. HP: 38/46 MP: 10/12
   488 | D        | Reached **** piety under Qazlal
   652 | D        | Noticed a vampire mosquito
   656 | D        | Killed a vampire mosquito
   657 | D        | Reached skill level 9 in Invocations
   657 | D        | Reached XP level 7. HP: 53/53 MP: 12/14
   773 | D        | Noticed a warg
   790 | D        | Killed a warg
   796 | D        | Reached skill level 10 in Invocations
   798 | D        | Reached ***** piety under Qazlal
   955 | D        | Noticed a flying skull
   955 | D        | Noticed a necromancer
   955 | D        | Noticed a redback
   959 | D        | Killed a flying skull
   960 | D        | Killed a necromancer
   961 | D        | Reached skill level 11 in Invocations
   961 | D        | Reached XP level 8. HP: 50/61 MP: 1/16
  1423 | D        | Reached ****** piety under Qazlal
  1424 | D        | Reached skill level 12 in Invocations
  1424 | D        | Reached XP level 9. HP: 58/67 MP: 8/18
  1457 | D        | Killed an unseen horror
  1584 | D        | Noticed an elephant
  1588 | D        | Reached skill level 13 in Invocations
  1593 | D        | Killed an elephant
  1698 | D        | Noticed a manticore
  1704 | D        | Killed an unseen horror
  1704 | D        | Killed a manticore
  1705 | D        | Reached skill level 14 in Invocations
  1705 | D        | Reached XP level 10. HP: 46/76 MP: 8/20
  1895 | D        | Reached skill level 10 in Fighting
  1895 | D        | Reached skill level 10 in Shields
  2132 | D        | Noticed a minotaur
  2132 | D        | Noticed a spriggan druid
  2135 | D        | Reached skill level 10 in Dodging
  2135 | D        | Killed a spriggan druid
  2136 | D        | Reached skill level 10 in Axes
  2136 | D        | Reached skill level 15 in Invocations
  2137 | D        | Killed a minotaur
  2391 | D        | Noticed a death cob
  2393 | D        | Noticed a cyclops
  2400 | D        | Killed a death cob
  2401 | D        | Reached skill level 16 in Invocations
  2404 | D        | Killed a cyclops
  2405 | D        | Reached XP level 11. HP: 25/83 MP: 15/23
  2873 | D        | Noticed a death yak
  2873 | D        | Noticed a death yak
  2873 | D        | Noticed Grinder
  2873 | D        | Noticed a deep elf zephyrmancer
  2873 | D        | Noticed a death yak
  2873 | D        | Noticed a death yak
  2874 | D        | Noticed a death yak
  2875 | D        | Noticed a death yak
  2877 | D        | Noticed a two-headed ogre
  2877 | D        | Noticed a wizard
  2879 | D        | Noticed a death yak
  2879 | D        | Noticed a five-headed hydra
  2885 | D        | Killed a shadow wraith
  2885 | D        | Killed a deep elf zephyrmancer
  2885 | D        | Killed Grinder
  2885 | D        | Killed a death yak
  2885 | D        | Killed a death yak
  2885 | D        | Killed a wizard
  2886 | D        | Reached skill level 17 in Invocations
  2886 | D        | Killed a two-headed ogre
  2886 | D        | Killed a five-headed hydra
  2886 | D        | Killed a death yak
  2886 | D        | Killed a death yak
  2886 | D        | Killed a death yak
  2886 | D        | Killed a death yak
  2887 | D        | Reached skill level 18 in Invocations
  2887 | D        | Reached XP level 12. HP: 84/92 MP: 7/25
  2889 | D        | Killed a death yak
  2890 | D        | Reached skill level 19 in Invocations
  3202 | D        | Noticed a death yak
  3212 | D        | Killed a death yak
  3490 | D        | Noticed a sun demon
  3500 | D        | Killed a sun demon
  3514 | D        | Noticed an eight-headed hydra
  3516 | D        | Killed an eight-headed hydra
  3591 | D        | Noticed a merfolk aquamancer
  3592 | D        | Noticed an orc warlord
  3592 | D        | Noticed an orc warlord
  3598 | D        | Killed an orc warlord
  3599 | D        | Reached skill level 20 in Invocations
  3599 | D        | Killed an orc warlord
  3599 | D        | Killed a merfolk aquamancer
  3600 | D        | Reached XP level 13. HP: 67/102 MP: 9/27
  3604 | D        | Reached skill level 21 in Invocations
  3837 | D        | Noticed a vault guard
  3842 | D        | Killed a vault guard
  4041 | D        | Reached skill level 15 in Fighting
  4041 | D        | Reached skill level 15 in Shields
  4196 | D        | Got the +7 hand axe of Fuasueto {antimagic, rF+ Str-2 Int+6
                  | Dex+3}
  4332 | D        | Noticed a vampire knight
  4334 | D        | Killed a vampire knight
  4335 | D        | Reached skill level 15 in Axes
  4335 | D        | Reached skill level 15 in Dodging
  4335 | D        | Reached skill level 22 in Invocations
  4531 | D        | Noticed an ice dragon
  4531 | D        | Noticed a vault guard
  4531 | D        | Noticed a war gargoyle
  4532 | D        | Killed a war gargoyle
  4532 | D        | Killed a vault guard
  4532 | D        | Killed an ice dragon
  4778 | D        | Noticed Nergalle
  4780 | D        | Killed Nergalle
  4780 | D        | Noticed a frost giant
  4781 | D        | Reached skill level 23 in Invocations
  4781 | D        | Reached XP level 14. HP: 112/112 MP: 20/29
  4793 | D        | Killed a frost giant
  4806 | D        | Reached skill level 24 in Invocations
  5231 | D        | Noticed a sphinx
  5233 | D        | Noticed a deep elf sorcerer
  5233 | D        | Noticed a green draconian monk
  5235 | D        | Killed a deep elf sorcerer
  5235 | D        | Killed a green draconian monk
  5237 | D        | Noticed a sphinx
  5241 | D        | Killed a sphinx
  5242 | D        | Noticed a red draconian scorcher
  5243 | D        | Noticed a nagaraja
  5246 | D        | Killed a red draconian scorcher
  5246 | D        | Killed a sphinx
  5246 | D        | Killed a nagaraja
  5259 | D        | Noticed a green draconian monk
  5260 | D        | Killed a green draconian monk
  5261 | D        | Reached skill level 25 in Invocations
  5515 | D        | Noticed a deep elf demonologist
  5517 | D        | Noticed Margery
  5518 | D        | Noticed a deep elf sorcerer
  5520 | D        | Killed a deep elf sorcerer
  5527 | D        | Killed Margery
  5528 | D        | Noticed a black draconian
  5528 | D        | Noticed a green draconian
  5530 | D        | Noticed a sphinx
  5534 | D        | Killed a deep elf demonologist
  5534 | D        | Killed a sphinx
  5535 | D        | Reached skill level 26 in Invocations
  5535 | D        | Reached XP level 15. HP: 93/122 MP: 10/32
  5545 | D        | HP: 4/122 [green draconian/+0 dire flail (22)]
  5546 | D        | Slain by a hell knight simulacrum

Illustrated notes

Levels and vault maps discovered:
D:        pitsprint [storerooms_1, entrance_room_1, metal_vault_2, armoury_2,
          mini_pit_1, grid_room_1, main_hall_1, silver_pit, the_coven_1,
          the_vestibule_1, steel_vault_2, golden_pit, hallway_of_sentries,
          crystal_vault_2, iron_vault_1, final_vault]

Skill      XL: |  1  2  3  4  5  6  7  8  9 10 11 12 13 14 15 |
---------------+----------------------------------------------+-----
Fighting       | 4 5 6 8 9 11 12 14 16 17 18 | 18.0
Axes           | 4 5 6 7 8 9 11 12 14 16 17 | 17.9
Dodging        | 4 5 6 8 9 11 12 14 16 17 | 17.9
Shields        | 4 5 6 8 9 11 12 14 16 17 18 | 18.0
Invocations    | 5 6 8 9 11 12 14 16 18 20 23 26 | 26.2

Action                     |  1- 3 |  4- 6 |  7- 9 | 10-12 | 13-15 || total
---------------------------+-------+-------+-------+-------+-------++-------
  Melee: War axe           |     3 |    33 |    45 |    62 |    22 ||   165
         Constrict         |     1 |    13 |     5 |     5 |    17 ||    41
         Tentacles         |       |     8 |    11 |    23 |    40 ||    82
         Punch             |       |       |     1 |     1 |     2 ||     4
         Broad axe         |       |       |       |       |    76 ||    76
 Invoke: Disaster Area     |       |       |     4 |     9 |    13 ||    26
         Elemental Force   |       |       |     1 |       |       ||     1
         Upheaval          |       |       |     1 |     2 |     3 ||     6
    Use: Potion            |       |     2 |     5 |     2 |     5 ||    14
         Scroll            |       |       |       |     7 |       ||     7
   Stab: Sleeping          |     2 |     2 |       |       |       ||     4
 Armour: Skin              |       |       |     9 |     1 |     3 ||    13
  Dodge: Dodged            |       |    20 |    46 |    44 |    54 ||   164
         Repelled          |       |       |       |     2 |     2 ||     4
  Block: Buckler           |       |    21 |    42 |    62 |    64 ||   189

Table legend: (Time is in decaauts)
 A = Elapsed time spent in this place.
 B = Non-inter-level travel time spent in this place.
 C = Inter-level travel time spent in this place.
 D = Time resting spent in this place.
 E = Time spent auto-exploring this place.
 F = Levels seen in this place.
 G = Mean time per level.
                   A        B        C        D        E       F      G
               +--------+--------+--------+--------+--------+-----+--------+
         Total |   5544 |   5439 |    105 |   4250 |      0 |   1 | 5544.0 |
       Dungeon |   5544 |   5439 |    105 |   4250 |      0 |   1 | 5544.0 |
               +--------+--------+--------+--------+--------+-----+--------+

Top non-repeatable levels by time:
       D: 5544 daAuts
